 Dungeon Crawl Stone Soup version 0.29.1-13-g9f3cf754e1 (webtiles) character file.

Game seed: 10983610168354430480

199 Peloso the Covered (level 5, -2/47 HPs)
             Began as a Minotaur Fighter on Jan 21, 2023.
             Slain by a gnoll
             ... wielding a +0 flail
              (7 damage)
             ... on level 3 of the Dungeon.
             The game lasted 00:03:44 (2316 turns).

Peloso the Covered (Minotaur Fighter)               Turns: 2316, Time: 00:03:44

Health: -2/47      AC:  7    Str: 21    XL:     5   Next: 48%
Magic:  4/4        EV: 10    Int:  5    God:
Gold:   70         SH:  5    Dex: 11    Spells: 4/4 levels left

rFire   . . .      SeeInvis .   a - +0 long sword
rCold   . . .      Faith    .   c - +0 buckler
rNeg    . . .      Spirit   .   b - +0 scale mail
rPois   .          Reflect  .   (helmet restricted)
rElec   .          Harm     .   (no cloak)
rCorr   .          Rampage  .   (no gloves)
Will    .....                   (no boots)
Stlth   ..........              (no amulet)
HPRegen 0.15/turn               (no ring)
MPRegen 0.09/turn               (no ring)

@: no status effects
A: horns 2, retaliatory headbutt
a: no special abilities


You were on level 3 of the Dungeon.
You visited 1 branch of the dungeon, and saw 3 of its levels.

You collected 70 gold pieces.

Inventory:

Hand Weapons
 a - a +0 long sword (weapon)
Armour
 b - a +0 scale mail (worn)
 c - a +0 buckler (worn)
Scrolls
 e - 3 scrolls of amnesia
 f - a scroll of fog {unknown}
 g - a scroll of identify {unknown}
 h - a scroll of teleportation {unknown}
Potions
 d - a potion of might
 i - a potion of mutation {unknown}
 j - 2 potions of curing {unknown}


   Skills:
 + Level 4.6 Fighting
 + Level 3.5 Long Blades
 + Level 5.0 Armour
 + Level 2.3 Dodging
 + Level 0.1 Stealth
 + Level 4.4 Shields


You had 4 spell levels left.
You didn't know any spells.
Your spell library contained the following spells:

 Spells                   Type           Power      Damage    Failure   Level
 Magic Dart               Conj           0%         1d3       87%         1
 Call Imp                 Summ           0%         N/A       95%         2
 Searing Ray              Conj           0%         2d4       95%         2
 Mephitic Cloud           Conj/Pois/Air  0%         N/A       99%         3
 Fulminant Prism          Conj/Hex       0%         3d6       100%        4


Dungeon Overview and Level Annotations

Branches:
Dungeon (3/15)

Altars:

Annotations:
D:2 Sigmund


Innate Abilities, Weirdness & Mutations

You have a pair of horns on your head.
You reflexively headbutt those who attack you in melee.


Message History

The gnoll hits you but does no damage. You block the gnoll's attack.
You hit the gnoll but do no damage. You block the gnoll's attack.
The gnoll hits you with a +0 flail. You block the gnoll's attack.
You closely miss the gnoll. The gnoll hits you with a +0 flail.
The gnoll hits you with a +0 spear. You block the gnoll's attack. x2
You slash the gnoll!
The gnoll is severely wounded.
You block the gnoll's attack. The gnoll hits you with a +0 spear.
You hit the gnoll.
You kill the gnoll!
The gnoll barely misses you. You furiously retaliate!
You headbutt the gnoll! The gnoll attacks as you move away!
The gnoll barely misses you. You furiously retaliate!
You headbutt the gnoll!
You kill the gnoll!
Your Armour skill increases to level 5!
You see here a +0 spear.
A gnoll is nearby!
A gnoll is nearby!
A gnoll is nearby!
Found a stone staircase leading down.
You hit the gnoll.
The gnoll is moderately wounded.
You block the gnoll's attack. The gnoll hits you with a +0 flail.
You hit the gnoll. Your headbutt misses the gnoll.
The gnoll is moderately wounded.
The gnoll hits you with a +0 flail!
You completely miss the gnoll.
The gnoll is moderately wounded.
The gnoll hits you with a +0 flail.
You hit the gnoll but do no damage.
The gnoll is moderately wounded.
The gnoll hits you with a +0 flail!
* * * LOW HITPOINT WARNING * * *
You hit the gnoll.
The gnoll is severely wounded.
The gnoll hits you with a +0 flail.
* * * LOW HITPOINT WARNING * * *
The gnoll hits you with a +0 flail!
You die...

#.. #....## ..# #..#
#####...... .... #..#
#.......##.
.>(.####..###..#........
#.........#..##........
#....<......###....#..#
#.........#............
#....g.............#...
#.....@..............##
#..........#.......#...
#?........)#.......###.
#.......)..........####
#..........#.........##
#...#...##)##......#..#
...#.#...##.##.#...###.#
####.#...##.)..#........
##.#####..#...##.##


You could see a gnoll.

Vanquished Creatures
  An orc priest (D:3)
  Robin (D:2)
  3 gnolls (D:3)
  6 adders
  A worm (D:3)
  8 orcs (D:3)
  6 bats
  4 endoplasms
  A giant cockroach (D:1)
  6 goblins (D:2)
  7 hobgoblins
  5 jackals (D:2)
  2 quokkas (D:1)
  4 ball pythons
  6 frilled lizards
  2 kobolds
  2 rats (D:2)
65 creatures vanquished.

Notes
Turn   | Place    | Note
-------+----------+-------------------------------------------
     0 | D:1      | Peloso the Minotaur Fighter began the quest for the Orb.
     0 | D:1      | Reached XP level 1. HP: 19/19 MP: 0/0
   362 | D:1      | Reached XP level 2. HP: 22/27 MP: 1/1
   782 | D:1      | Found a faded altar of an unknown god.
   873 | D:2      | Reached skill level 4 in Armour
   916 | D:2      | Reached XP level 3. HP: 30/33 MP: 2/2
   924 | D:2      | Reached skill level 1 in Dodging
   927 | D:2      | Noticed Sigmund
  1307 | D:2      | Noticed Robin
  1327 | D:2      | Killed Robin
  1565 | D:2      | Reached XP level 4. HP: 40/40 MP: 3/3
  1851 | D:2      | Identified the +0 ring mail of Egupik Raudgh {rN+++ Str+2
                  | Int-5 Dex+4}
  1985 | D:3      | Reached XP level 5. HP: 25/46 MP: 4/4
  2303 | D:3      | Reached skill level 5 in Armour
  2316 | D:3      | Slain by a gnoll

Illustrated notes

Levels and vault maps discovered:
D:1:      dpeg_arrival_three_smaller_balls, layout_basic,
          basic_ecumenical_altar, interstate_on_off
D:2:      layout_rooms, basic_altar, uniq_sigmund, uniq_crazy_yiuf_cottage,
          uniq_robin
D:3:      layout_rooms

Skill      XL: |  1  2  3  4  5 |
---------------+----------------+-----
Fighting       | 4 |  4.6
Armour         | 4 5 |  5.0
Shields        | 4 |  4.4
Dodging        | 2 |  2.3
Long Blades    | 3 |  3.5
Stealth        | |  0.1

Action                   |  1- 3 |  4- 6 || total
-------------------------+-------+-------++-------
Melee: Long sword        |    71 |    69 ||   140
       Headbutt          |     9 |    11 ||    20
  Use: Potion            |     1 |     2 ||     3
       Scroll            |     1 |       ||     1
Armor: Scale mail        |    61 |    48 ||   109
Dodge: Dodged            |    58 |    44 ||   102
Block: Buckler           |    27 |    25 ||    52
